 Dungeon Crawl Stone Soup version 0.24.0-29-g8ce449bc06 (webtiles) character file.

Game seed: 4146953312832736002, levelgen mode: deterministic

12205 Flugslaktarn the Cleaver (level 11, -5/101 HPs)
             Began as a Minotaur Fighter on Nov 16, 2019.
             Was an Initiate of Gozag.
             Slain by a komodo dragon (20 damage)
             ... on level 2 of the Lair of Beasts.
             The game lasted 00:06:33 (13928 turns).

Flugslaktarn the Cleaver (Minotaur Fighter)        Turns: 13928, Time: 00:06:33

Health: -5/101     AC: 14    Str: 28    XL:     11   Next: 59%
Magic:  12/12      EV: 12    Int:  5    God:    Gozag
Gold:   1433       SH: 13    Dex: 16    Spells: 10/10 levels left

rFire    + . .     SeeInvis .   b - +3 war axe
rCold    + . .     Gourm    .   c - +0 shield
rNeg     . . .     Faith    .   g - +0 plate armour
rPois    +         Spirit   .   (helmet restricted)
rElec    +         Reflect  .   I - scarf {repulsion}
rCorr    +         Harm     .   (no gloves)
MR       .....                  (no boots)
Stlth    ..........             (no amulet)
HPRegen  0.26/turn              (no ring)
MPRegen  0.13/turn              (no ring)

@: mighty, agile, resistant, gold aura, repel missiles
A: retaliatory headbutt, horns 2
a: Potion Petition, Call Merchant, Bribe Branch, Renounce Religion


You were on level 2 of the Lair of Beasts.
You worshipped Gozag.
Gozag was most pleased with you.
You were not hungry.

You visited 2 branches of the dungeon, and saw 11 of its levels.
You also visited: Ossuary.

You collected 2508 gold pieces.
You spent 220 gold pieces at shops.
You paid 855 gold pieces to Gozag.

Inventory:

Hand Weapons
 a - a +1 scimitar of flaming
   (You took it off Erica on level 8 of the Dungeon)
 b - a +3 war axe (weapon)
   (You took it off an orc warrior on level 9 of the Dungeon)
 z - a +0 war axe
Armour
 c - a +0 shield (worn)
 g - a +0 plate armour (worn)
   (You found it on level 1 of the Dungeon)
 I - a scarf of repulsion (worn)
   (You found it on level 8 of the Dungeon)
Jewellery
 t - an uncursed ring of poison resistance {unknown}
   (You found it on level 4 of the Dungeon)
 B - a +6 ring of protection {unknown}
   (You found it on level 6 of the Dungeon)
 H - an uncursed ring of protection from magic {unknown}
   (You found it on level 8 of the Dungeon)
Wands
 K - a wand of acid (3)
   (You found it on level 1 of the Lair of Beasts)
Scrolls
 f - 5 scrolls of immolation {unknown}
 h - 12 scrolls of identify {unknown}
 i - 6 scrolls of amnesia {unknown}
 j - 6 scrolls of enchant armour {unknown}
 l - 4 scrolls of teleportation {unknown}
 m - 3 scrolls of fear {unknown}
 r - 5 scrolls of blinking {unknown}
 x - a scroll of brand weapon {unknown}
 y - a scroll of magic mapping {unknown}
 D - 6 scrolls of remove curse {unknown}
 F - 2 scrolls of enchant weapon {unknown}
 G - a scroll of noise {unknown}
 L - a scroll of vulnerability {unknown}
Potions
 d - 5 potions of might
 k - 3 potions of mutation {unknown}
 n - 3 potions of resistance
 o - a potion of haste
 p - 2 potions of brilliance {unknown}
 q - 4 potions of curing
 s - 2 potions of agility
 u - 2 potions of degeneration {unknown}
 v - 3 potions of magic {unknown}
 w - 2 potions of heal wounds
 A - 2 potions of cancellation {unknown}
 C - 2 potions of flight {unknown}
 E - a potion of berserk rage {unknown}
 J - a potion of lignification {unknown}
Comestibles
 e - 13 rations


   Skills:
 + Level 10.4 Fighting
 * Level 13.5 Axes
 + Level 10.3 Armour
 + Level 10.3 Shields
 + Level 3.7 Evocations


You had 10 spell levels left.
You didn't know any spells.
Your spell library was empty.

Dungeon Overview and Level Annotations

Branches:
Dungeon (9/15)             Temple (0/1) D:4            Lair (2/6) D:8
 Shoals (0/4) Lair:2          Orc (0/2) D:9         Ossuary (visited)
  Snake: Lair:2-4    Spider: Lair:2-4

Altars:
Dithmenos
Elyvilon
Gozag
Qazlal
Vehumet
Yredelemnul
The Shining One

Shops:
D:6 }

Annotations:
D:6 exclusion: statue
Lair:1 exclusion: 3 oklob plants


Innate Abilities, Weirdness & Mutations

You reflexively headbutt those who attack you in melee.
You have a pair of horns on your head.


Message History

Something hits the plant but does no damage.
You are too injured to fight recklessly!
You are too injured to fight recklessly!
You are too injured to fight recklessly!
You block the giant cockroach's attack.
Found 14 gold pieces.
The yak is no longer distracted by gold.
The giant cockroach bites you but does no damage.
The komodo dragon bites you!!
* * * LOW HITPOINT WARNING * * *
[a] - 468 gold - resistance, might and agility [b] - 440 gold - haste and resistance [c] - 364 gold - resistance and flight Purchase which effect?
You feel protected.
You feel very mighty all of a sudden.
You feel agile all of a sudden.
The giant cockroach becomes distracted by the nearby gold, dreaming of imaginary riches.
The giant cockroach closely misses you. The komodo dragon bites you!!
You die...
Your body crumbles into a pile of gold.

.........#...........#
#..................#..
$
#.....$..............#
#.P...............
###Y..^...........
#s.........#....>
#####
##Y.....########.
#.$...##l............
.......@s##...#...P.P
P.......##.####.....#
#........## ...###
#......... .P.#
#...#....## ###
.......... #...#.....
...........


You could see a komodo dragon, a yak and a giant cockroach.

Vanquished Creatures
  A hydra (D:7)
  Erica (D:8)
  A cyclops (D:9)
  A black mamba (Lair:1)
  A spiny frog (Lair:1)
  2 komodo dragons (Lair:1)
  A troll (D:9)
  A wolf spider simulacrum (D:8)
  Prince Ribbit (D:5)
  3 hippogriffs (Lair:1)
  2 centaur simulacra (D:8)
  Grum (D:8)
  8 yaks
  Menkaure (D:5)
  Edmund (D:5)
  2 water moccasins
  3 porcupines (Lair:1)
  Duvessa (D:5)
  8 sky beasts
  6 orc warriors
  A black bear (D:6)
  6 ice beasts
  A necrophage (D:8)
  4 centaurs
  2 wolves (D:8)
  2 crocodiles (Lair:1)
  3 ogres
  Blork the orc (D:5)
  7 bullfrogs
  2 scorpions
  Dowan (D:5)
  4 killer bees (D:7)
  13 wights
  A howler monkey (D:7)
  5 crimson imps
  2 centaur zombies (Ossuary)
  2 quasits (D:7)
  4 hounds
  11 orc wizards
  2 human zombies (Ossuary)
  5 orc priests
  2 jellies (D:6)
  A bullfrog skeleton (D:5)
  An iguana (D:7)
  2 worker ants
  A killer bee zombie (D:6)
  A big kobold zombie (Ossuary)
  2 hound zombies
  A hound skeleton (D:8)
  3 mummies (Ossuary)
  A howler monkey zombie (D:6)
  A worker ant zombie (D:8)
  9 adders
  2 shadow imps
  2 adder skeletons
  5 adder zombies
  2 worms
  5 dart slugs
  3 leopard geckos
  46 orcs
  4 giant cockroaches
  2 gnoll zombies (Ossuary)
  11 goblins
  8 hobgoblins
  9 jackals
  2 quokkas
  A ball python (D:1)
  5 bats
  4 frilled lizards
  2 goblin zombies (Ossuary)
  5 hobgoblin zombies (Ossuary)
  2 jackal skeletons
  6 jackal zombies
  6 kobolds
  2 kobold zombies (Ossuary)
  4 quokka zombies (Ossuary)
  7 rats
  2 rat zombies (Ossuary)
297 creatures vanquished.

Notes
Turn   | Place    | Note
-------+----------+-------------------------------------------
     0 | D:1      | Flugslaktarn the Minotaur Fighter began the quest for the
                  | Orb.
     0 | D:1      | Reached XP level 1. HP: 19/19 MP: 0/0
   266 | D:1      | Reached XP level 2. HP: 27/27 MP: 1/1
   319 | D:1      | Reached skill level 3 in Axes
   945 | D:2      | Reached XP level 3. HP: 33/33 MP: 2/2
   967 | D:2      | Found a faded altar of an unknown god.
  1724 | D:3      | Reached XP level 4. HP: 29/40 MP: 3/3
  1893 | D:3      | Found a stormy altar of Qazlal.
  1919 | D:3      | Reached skill level 4 in Axes
  2547 | D:3      | Found an opulent altar of Gozag.
  2558 | D:3      | Became a worshipper of Gozag Ym Sagoz the Greedy
  2777 | D:3      | Found an opulent altar of Gozag.
  3118 | D:4      | Found a sand-covered staircase.
  3132 | Ossuary  | Entered an ossuary
  3145 | Ossuary  | Reached XP level 5. HP: 46/47 MP: 4/4
  3173 | Ossuary  | Reached skill level 5 in Axes
  3384 | Ossuary  | Reached XP level 6. HP: 55/55 MP: 5/5
  3494 | Ossuary  | Reached skill level 5 in Fighting
  3499 | Ossuary  | Reached skill level 5 in Armour
  3499 | Ossuary  | Reached skill level 5 in Shields
  3689 | D:4      | Found a white marble altar of Elyvilon.
  3778 | D:4      | Found a staircase to the Ecumenical Temple.
  4023 | D:5      | Entered Level 5 of the Dungeon
  4057 | D:5      | Noticed Dowan
  4058 | D:5      | Noticed Duvessa
  4063 | D:5      | Killed Dowan
  4074 | D:5      | Killed Duvessa
  4074 | D:5      | Reached skill level 6 in Axes
  4074 | D:5      | Reached XP level 7. HP: 58/61 MP: 6/6
  4119 | D:5      | Noticed Prince Ribbit
  4325 | D:5      | Found a shadowy altar of Dithmenos.
  4622 | D:5      | Killed Prince Ribbit
  4622 | D:5      | Reached skill level 7 in Axes
  4829 | D:5      | Noticed Blork the orc
  4838 | D:5      | Killed Blork the orc
  4838 | D:5      | Reached XP level 8. HP: 70/70 MP: 7/7
  4906 | D:5      | Found a glowing golden altar of the Shining One.
  5005 | D:5      | Noticed Edmund
  5018 | D:5      | Killed Edmund
  5107 | D:5      | Reached skill level 8 in Axes
  5225 | D:5      | Noticed Menkaure
  5238 | D:5      | Killed Menkaure
  6020 | D:6      | Reached skill level 9 in Axes
  6026 | D:6      | Reached XP level 9. HP: 50/79 MP: 8/8
  6456 | D:6      | Found Ateettu's Gadget Shop.
  6498 | D:6      | Bought a wand of acid (6) for 220 gold pieces
  7095 | D:6      | Reached skill level 1 in Evocations
  7225 | D:6      | Found a radiant altar of Vehumet.
  7275 | D:6      | Found a basalt altar of Yredelemnul.
  7385 | D:7      | Reached skill level 10 in Axes
  8646 | D:7      | Noticed a six-headed hydra
  8652 | D:7      | Killed a six-headed hydra
  8652 | D:7      | Reached skill level 11 in Axes
  8652 | D:7      | Reached XP level 10. HP: 90/90 MP: 11/11
  9329 | D:8      | Found a transporter.
  9437 | D:8      | Found a transporter.
  9449 | D:8      | Noticed Grum
  9474 | D:8      | Killed Grum
  9641 | D:8      | Noticed Erica
  9670 | D:8      | Killed Erica
 10159 | D:8      | Reached skill level 12 in Axes
 10257 | D:8      | Found a staircase to the Lair.
 11231 | D:9      | Noticed a cyclops
 11244 | D:9      | Killed a cyclops
 11244 | D:9      | Reached XP level 11. HP: 86/99 MP: 12/12
 11322 | D:9      | Found a staircase to the Orcish Mines.
 12032 | Lair:1   | Entered Level 1 of the Lair of Beasts
 12050 | Lair:1   | Reached skill level 10 in Fighting
 12051 | Lair:1   | Reached skill level 10 in Armour
 12381 | Lair:1   | Reached skill level 13 in Axes
 12383 | Lair:1   | Reached skill level 10 in Shields
 12936 | Lair:1   | Noticed an oklob plant
 13485 | Lair:1   | Noticed an oklob plant
 13561 | Lair:1   | Paralysed by a floating eye for 2 turns
 13564 | Lair:1   | Noticed an oklob plant
 13570 | Lair:1   | Paralysed by a floating eye for 3 turns
 13577 | Lair:1   | Paralysed by a floating eye for 2 turns
 13886 | Lair:2   | Found a staircase to the Shoals.
 13928 | Lair:2   | Slain by a komodo dragon

Levels and vault maps discovered:
D:1:      matt_arrival_refuge, layout_loops_ring, dk_noncrumbling_3,
          minmay_hedge_maze
D:2:      layout_basic, chequers_ecumenical_altar_simple_redux
D:3:      layout_basic, lemuel_round_altar, grunt_qazlal_clouds,
          serial_park_tiny_pond, nicolae_gozag_cash_rules_everything_around_me
D:4:      layout_cave_pools, lemuel_coloured_pillars_altar,
          minmay_temple_entry_statues_pillars, first_ration,
          nicolae_ossuary_entry_false_entrances
D:5:      layout_gridville, tso_altar, grunt_ministairs_15,
          nicolae_dithmenos_through_a_glass_darkly, uniq_duvessa, uniq_edmund,
          uniq_prince_ribbit1, uniq_blork_the_orc, uniq_menkaure
D:6:      layout_cave_pods, yredelemnul_altar_generic, vehumet_statue,
          serial_shops, nicolae_shop_stone
D:7:      layout_cave_pods
D:8:      gammafunk_cloud_chamber, layout_layer_cave, lair_entry_dummy,
          uniq_grum, uniq_erica
D:9:      layout_rooms, david_orc_2
Lair:1:   layout_hall_layers, st_stairs_6, disabler_island, grunt_megastairs_2
Lair:2:   layout_misc_corridors, shoals_dummy_entry,
          nicolae_spider_entry_non_spiders, lemuel_fruit_tree

Skill      XL: |  1  2  3  4  5  6  7  8  9 10 11 |
---------------+----------------------------------+-----
Axes           | 3 4 5 6 7 9 11 12 13 | 13.5
Fighting       | 4 5 6 7 8 9 10 | 10.4
Shields        | 4 5 6 7 8 9 10 | 10.3
Armour         | 4 5 6 7 8 9 10 | 10.3
Evocations     | 3 |  3.7

Action                   |  1- 3 |  4- 6 |  7- 9 | 10-12 || total
-------------------------+-------+-------+-------+-------++-------
Melee: War axe           |    97 |   202 |   339 |   114 ||   752
       Headbutt          |    14 |    34 |    67 |    85 ||   200
       Hand axe          |       |       |     5 |   246 ||   251
Invok: Potion Petition   |       |     1 |     1 |     1 ||     3
Evoke: Wand              |       |       |     3 |     3 ||     6
  Use: Potion            |       |       |       |     4 ||     4
 Stab: Distracted        |       |     1 |     2 |     2 ||     5
  Eat: Chunk             |     3 |     3 |       |       ||     6
       Ration            |       |     1 |     5 |     5 ||    11
Armor: Scale mail        |     8 |       |       |       ||     8
       Plate armour      |    38 |   112 |   194 |   132 ||   476
       Chain mail        |     7 |       |       |       ||     7
Dodge: Dodged            |    11 |    33 |    43 |    63 ||   150
       Deflected         |       |       |       |     1 ||     1
Block: Shield            |    44 |   116 |   186 |   151 ||   497
